 Dungeon Crawl Stone Soup version 0.22-a0-147-gfdd7f25 (webtiles) character file.

275300 mhoghedin the Warrior (level 19, -10/221 HPs)
             Began as a Purple Draconian Wizard on Feb 5, 2018.
             Was a High Priest of Ashenzari.
             Mangled by a deep troll (11 damage)
             ... led by an ironheart preserver
             ... on level 1 of the Vaults on Feb 6, 2018.
             The game lasted 03:46:57 (57849 turns).

mhoghedin the Warrior (Purple Draconian Wizard)    Turns: 57849, Time: 03:46:57

Health: -10/221    AC: 30    Str: 12    XL:     19   Next: 55%
Magic:  0/37       EV: 18    Int: 25    God:    Ashenzari [*****.]
Gold:   3722       SH: 10    Dex: 13    Spells: 2/47 levels left

rFire    . . .     SeeInvis +   a - +4 eveningstar (vamp) (curse) {!w}
rCold    + . .     Gourm    .   Q - +0 shield (curse)
rNeg     + + .     Faith    .   (armour unavailable)
rPois    ∞         Spirit   +   V - +1 hat
rElec    +         Reflect  .   L - scarf {Spirit}
rCorr    .         Harm     .   (gloves currently unavailable)
MR       +++++     Clarity  +   (boots currently unavailable)
Stlth    ++........             O - amulet of the Four Winds {rN+ MR+++ Clar} (curse)
HPRegen  0.46/turn              A - +4 ring of dexterity (curse)
MPRegen  0.25/turn              j - ring "Iffuw" {+Inv rC+} (curse)

@: statue-form, deflect missiles, very slow
A: (breathe power), unfitting armour, big wings, evolution 1, cold-blooded, AC
+10
}: 2/15 runes: barnacled, gossamer
a: Fly, End Transformation, Curse Item, Scrying, Transfer Knowledge, Renounce
Religion, Evoke Invisibility


You were on level 1 of the Vaults.
You worshipped Ashenzari.
Ashenzari was extremely pleased with you.
You were very hungry.
You were a stone statue.
You visited 9 branches of the dungeon, and saw 37 of its levels.
You also visited: Labyrinth and Ice Cave.

You collected 4957 gold pieces.
You spent 1235 gold pieces at shops.

Inventory:

Hand Weapons
 a - a cursed +4 vampiric eveningstar (weapon) {!w}
   (You took it off a minotaur in a labyrinth)
Missiles
 b - 4 tomahawks of dispersal {=f}
 m - 7 throwing nets {=f, !d}
Armour
 d - a +0 pair of gloves (melded)
   (You found it on level 4 of the Shoals)
 L - a scarf of spirit shield (worn)
   (You found it on level 1 of the Spider Nest)
 P - a +2 pair of boots of running (melded)
   (You found it on level 13 of the Dungeon)
 Q - a cursed +0 shield (worn)
   (You took it off a gnoll sergeant on level 11 of the Dungeon)
 T - a +1 buckler
   (You bought it in a shop on level 2 of the Orcish Mines)
 V - a +1 hat (worn)
Jewellery
 j - the cursed ring "Iffuw" (right hand) {+Inv rC+}
   (You acquired it on level 14 of the Dungeon)

   [ring of protection from cold]

   It protects you from cold.
   It lets you turn invisible.
   It has a curse placed upon it.
 A - a cursed +4 ring of dexterity (left hand)
   (You found it on level 6 of the Dungeon)
 O - the cursed amulet of the Four Winds (around neck) {rN+ MR+++ Clar}
   (You found it on level 6 of the Lair of Beasts)

   [amulet of nothing]

   It protects you from negative energy.
   It affects your resistance to hostile enchantments.
   It protects you against confusion.
   It has a curse placed upon it.
 R - the ring "Rulemn" {rPois MR+ Int+4}
   (You found it on level 3 of the Elven Halls)

   [ring of poison resistance]

   It affects your intelligence (+4).
   It protects you from poison.
   It affects your resistance to hostile enchantments.
Wands
 k - a wand of digging (30)
   (You found it on level 15 of the Dungeon)
 C - a wand of disintegration (8)
   (You found it on level 2 of the Elven Halls)
 E - a wand of acid (8)
   (You found it on level 2 of the Elven Halls)
 J - a wand of iceblast (5)
   (You found it on level 2 of the Spider Nest)
Scrolls
 o - 5 scrolls of teleportation
 q - 2 scrolls of fog
 s - 2 scrolls of amnesia
 t - 3 scrolls of enchant armour
 w - 4 scrolls of fear
 D - 8 scrolls of magic mapping {!r}
 G - 6 scrolls of remove curse
 I - 21 scrolls of identify
 N - 2 scrolls of immolation {!r}
 U - 4 scrolls of blinking {!r}
Potions
 e - 5 potions of curing
 f - 7 potions of ambrosia
 h - 2 potions of haste
 i - 3 potions of agility
 l - a potion of might
 n - a potion of mutation {!q}
 p - a potion of heal wounds
 x - 2 potions of cancellation
 B - 4 potions of flight
 F - 2 potions of invisibility
 H - a potion of resistance
Books
 g - a book of Annihilations
   (You found it on level 3 of the Elven Halls)
 r - a book of the Earth
   (You took it off Roxanne on level 2 of the Spider Nest)
 u - Vehumet's Compendium of Attacks
   (You found it on level 1 of the Elven Halls)

   Spells                             Type                      Level
   a - Mephitic Cloud                 Conjuration/Poison/Air       3
   b - Lightning Bolt                 Conjuration/Air              5
   c - Irradiate                      Conjuration/Transmutation    5
 y - a Grand Grimoire
   (You found it on level 3 of the Elven Halls)
 M - a book of Spatial Translocations
   (You found it on level 3 of the Elven Halls)
 X - the Grimoire of Twisted Fire
   (You found it on level 3 of the Elven Halls)

   Spells                             Type                      Level
   a - Animate Skeleton               Necromancy                   1
   b - Ignite Poison                  Fire/Transmutation/Poison    3
   c - Inner Flame                    Hexes/Fire                   3
   d - Sticky Flame                   Conjuration/Fire             4
   e - Death Channel                  Necromancy                   6
 Y - a book of Burglary
   (You found it on level 3 of the Elven Halls)
Miscellaneous
 v - a sack of spiders
 z - a crystal ball of energy
   (You found it on level 3 of the Elven Halls)
 K - a phial of floods
   (You found it on level 3 of the Elven Halls)
 S - a lightning rod (4/4)
   (You found it on level 3 of the Lair of Beasts)
 W - a fan of gales
   (You found it on level 3 of the Shoals)
Comestibles
 c - 18 rations


   Skills:
 - Level 15.1 Fighting
 - Level 14.3(17.8) Maces & Flails
 - Level 1.0 Throwing
 - Level 12.4 Dodging
 - Level 1.7 Stealth
 + Level 4.2(6.7) Shields
 - Level 14.5 Spellcasting
 - Level 6.0(10.0) Conjurations
 - Level 6.8(10.9) Charms
 - Level 1.0(3.2) Summonings
 - Level 1.7(4.5) Necromancy
 - Level 1.0(3.2) Translocations
 - Level 7.0(11.0) Transmutations
 - Level 4.4(8.3) Ice Magic
 - Level 8.8(12.7) Air Magic
 - Level 14.7(18.2) Earth Magic
 - Level 3.7(7.3) Poison Magic
 - Level 10.6(14.3) Evocations


You had 2 spell levels left.
You knew the following spells:

 Your Spells              Type           Power        Failure   Level  Hunger
a - Freezing Cloud        Conj/Ice/Air   ######....   19%         6    ####...
b - Blink                 Tloc           N/A          3%          2    None
c - Call Imp              Summ           ####....     3%          2    None
d - Deflect Missiles      Chrm/Air       ######....   11%         6    ####...
e - Swiftness             Chrm/Air       ######..     1%          2    None
f - Iron Shot             Conj/Erth      ######....   4%          6    ####...
g - Statue Form           Tmut/Erth      #######..    3%          6    ####...
h - Shatter               Erth           #######...   98%         9    #######
r - Regeneration          Chrm/Necr      ######....   1%          3    None
x - Mephitic Cloud        Conj/Pois/Air  ######..     1%          3    None


Dungeon Overview and Level Annotations

Branches:
Dungeon (15/15)            Temple (1/1) D:5            Lair (6/6) D:11
 Shoals (4/4) Lair:4       Spider (4/4) Lair:3        Slime (1/5) Lair:6
    Orc (2/2) D:12            Elf (3/3) Orc:2        Vaults (1/5) D:14
 Depths (0/5) D:15

Altars:
Ashenzari
Cheibriados
Dithmenos
Elyvilon
Fedhas
Gozag
Hepliaklqana
Kikubaaqudgha
Makhleb
Nemelex Xobeh
Okawaru
Qazlal
Ru
Sif Muna
Trog
Uskayaw
Vehumet
Wu Jian
Xom
Yredelemnul
Zin
The Shining One
Beogh

Shops:
D:7 ?   D:8 (   D:14 %   Orc:1 %   Orc:2 !(%[   Elf:2 [*   Elf:3 *   Shoals:2 (

Annotations:
D:9 exclusion: door
Slime:1 exclusion: great orb of eyes


Innate Abilities, Weirdness & Mutations

((You can breathe bolts of dispelling energy.))
((Your rich purple scales are hard. (AC +10)))
You cannot fit into any form of body armour.
You are cold-blooded and may be slowed by cold attacks.
Your large and strong wings let you fly indefinitely.
You evolve.


Message History

The deep troll shaman is engulfed in freezing vapours.
The deep troll shaman completely misses you.
The deep troll shaman claws you but does no damage.
The deep troll shaman barely misses you.
The deep troll shaman is engulfed in freezing vapours.
The ironheart preserver is engulfed in freezing vapours.
The ironheart preserver gestures wildly while chanting.
The ironheart preserver is healed somewhat.
The deep troll is engulfed in freezing vapours.
The deep troll misses you. x2; The deep troll claws you!
The deep troll closely misses you.
The deep troll claws you but does no damage.
The deep troll claws you.
The rakshasa is engulfed in freezing vapours.
The rakshasa hits you from afar with a trident!
The deep troll misses you.
The deep troll claws you but does no damage.
You block the deep troll's attack.
The deep troll shaman is engulfed in freezing vapours.
The deep troll shaman bites you but does no damage.
The deep troll shaman barely misses you.
The deep troll shaman claws you.
The deep troll shaman is engulfed in freezing vapours.
You take 46 damage, and have 76/221 hp.
MASSIVE DAMAGE!!
You now have 5/37 mp.
You bludgeon the ironheart preserver!!
You feel better.
The deep troll is engulfed in freezing vapours.
The deep troll misses you. x2; The deep troll barely misses you.
The ironheart preserver is engulfed in freezing vapours.
The ironheart preserver mumbles some strange words.
The ironheart preserver is healed somewhat.
The deep troll bites you but does no damage.
The deep troll completely misses you. You block the deep troll's attack.
The deep troll bites you but does no damage.
The deep troll misses you. x2
The ironheart preserver completely misses you.
The rakshasa is engulfed in freezing vapours.
The rakshasa hits you but does no damage.
The deep troll is engulfed in freezing vapours.
The deep troll completely misses you. The deep troll barely misses you.
The deep troll claws you!
The deep troll shaman is engulfed in freezing vapours. x2
The deep troll shaman calls upon its god to strengthen the deep troll.
The deep troll seems to grow stronger.
The ironheart preserver is engulfed in freezing vapours.
The deep troll misses you.
The deep troll claws you but does no damage.
The deep troll claws you.
* * * LOW HITPOINT WARNING * * *
You take 11 damage, and have 65/221 hp.
You now have 4/37 mp.
You barely miss the ironheart preserver.
The deep troll bites you!
* * * LOW HITPOINT WARNING * * *
You block the deep troll's attack. The deep troll barely misses you.
The deep troll is engulfed in freezing vapours.
The deep troll bites you but does no damage.
The deep troll misses you. The deep troll completely misses you.
The deep troll misses you. You block the deep troll's attack.
The deep troll misses you. The deep troll completely misses you.
The deep troll closely misses you. The deep troll claws you!
* * * LOW HITPOINT WARNING * * *
The ironheart preserver mumbles some strange words.
The ironheart preserver is healed somewhat.
The rakshasa is engulfed in freezing vapours.
The rakshasa completely misses you.
The deep troll shaman is engulfed in freezing vapours.
The deep troll shaman bites you but does no damage.
The deep troll shaman closely misses you.
The deep troll shaman completely misses you.
The deep troll shaman is engulfed in freezing vapours.
The ironheart preserver is engulfed in freezing vapours.
The ironheart preserver casts a spell.
The ironheart preserver is healed somewhat.
The deep troll is engulfed in freezing vapours.
The deep troll misses you. The deep troll completely misses you.
The deep troll claws you but does no damage.
You take 21 damage, and have 44/221 hp.
You now have 2/37 mp.
You barely miss the ironheart preserver.
The deep troll bites you!
* * * LOW HITPOINT WARNING * * *
You block the deep troll's attack. x3
The deep troll claws you but does no damage.
The deep troll misses you.
You block the ironheart preserver's attack.
The deep troll is engulfed in freezing vapours.
The deep troll bites you!
* * * LOW HITPOINT WARNING * * *
The deep troll completely misses you.
The deep troll claws you but does no damage.
The deep troll bites you!
* * * LOW HITPOINT WARNING * * *
The deep troll misses you. The deep troll barely misses you.
The deep troll shaman is engulfed in freezing vapours.
The deep troll shaman closely misses you.
The deep troll shaman claws you but does no damage.
The deep troll shaman claws you!
* * * LOW HITPOINT WARNING * * *
The deep troll bites you!
You die...

,,
,**########.............#
,, * ,, ,,
#.............# , * , ,
#.............# ,,,,, ,,
,#.............# , , ,,
,#.............# , , ,
,,, #.............# , ,
#.............# ,, ,,*
#######p.########...#
,...§TpT8.#......#...#
,,,....§RTTT#......#...#
,,, ..§§.§...#......#...#
,,, ,
...§.....#......#...# ,
..§§§....#......#...# ,
,, ,
.........#......'...# , ,
, , .........#......#...#
,, , ,
.........#......#...# , ,
, , ,...########...#


You could see 2 ironheart preservers, a rakshasa, 3 deep trolls and 2 deep troll
shamans.

Vanquished Creatures
  Bai Suzhen (Shoals:4)
  Arachne (Spider:3)
  Jorgrun (Spider:4)
  Rupert (D:12)
  Asterion (Spider:3)
  2 deep elf blademasters (Elf:3)
  2 deep elf master archers (Elf:3)
  Frances (D:14)
  Roxanne (Spider:2)
  2 frost giants (Shoals:4)
  Ilsuiw (Shoals:4)
  Louise (Spider:1)
  Aizul (Spider:4)
  3 deep elf sorcerers (Elf:3)
  4 ghost moths
  8 emperor scorpions
  2 deep elf elementalists (Elf:3)
  The ghost of Aviak the Fighter, a journeyman CeHu of Okawaru (Orc:2)
  2 entropy weavers
  4 deep elf demonologists (Elf:3)
  6 deep elf annihilators
  2 dire elephants (Lair:6)
  2 spark wasps
  Snorg (Lair:4)
  7 deep elf death magi
  6 merfolk javelineers
  A minotaur (Lab)
  13 merfolk impalers (Shoals:4)
  2 deep elf high priests (Elf:3)
  A fire dragon (D:9)
  Josephine (Lair:6)
  2 ice dragons (IceCv)
  6 hydras
  Harold (Lair:1)
  5 merfolk aquamancers
  9 two-headed ogres
  2 merfolk avatars
  3 catoblepae
  4 centaur warriors
  An alligator snapping turtle (Shoals:4)
  5 death yaks
  18 dancing weapons
  3 satyrs (Shoals:4)
  5 orc high priests (Orc:2)
  14 deep elf knights
  Nergalle (Lair:1)
  A deep troll (Vaults:1)
  3 unseen horrors
  A large abomination (Elf:3)
  13 sea snakes
  A glowing orange brain (shapeshifter) (Elf:2)
  A lindwurm (Lair:6)
  5 harpies
  10 deep elf archers
  8 orb spiders
  8 orc knights
  2 orc sorcerers
  3 fauns (Shoals:1)
  22 wolf spiders
  13 cyclopes
  54 deep elf magi
  A salamander (D:15)
  15 manticores
  11 ugly things
  A moth of wrath (Spider:4)
  8 merfolk sirens
  3 elephants (Lair:6)
  2 centaur zombies (D:13)
  5 water nymphs
  3 black mambas
  A water nymph (shapeshifter) (D:15)
  14 spiny frogs
  2 gargoyles (D:11)
  2 ice statues (IceCv)
  6 torpor snails
  An efreet (D:14)
  5 rime drakes
  2 yaktaurs
  9 komodo dragons
  5 demonic crawlers
  2 kobold demonologists
  24 merfolk
  7 trolls
  2 wind drakes
  A meliai (D:13)
  2 queen bees
  25 jumping spiders
  A polar bear (Lair:5)
  5 hornets
  A raiju (shapeshifter) (Elf:2)
  10 slime creatures
  27 dream sheep
  9 blink frogs
  11 hippogriffs
  8 snapping turtles
  2 centaur simulacra (D:14)
  Sigmund (D:5)
  3 air elementals
  A shadow (D:12)
  15 tarantellas
  10 humans (D:14)
  41 yaks
  6 wraiths
  2 wyverns
  3 fire elementals
  73 redbacks
  7 water elementals
  4 basilisks
  7 hungry ghosts
  A golden eye (D:10)
  Eustachio (D:4)
  The ghost of Kavrick the Skirmisher, an amateur DsFi (D:3)
  2 steam dragons
  A harpy simulacrum (D:14)
  7 vampire mosquitoes
  A soldier ant (D:7)
  A soldier ant (shapeshifter) (Elf:1)
  13 water moccasins
  40 orc warriors
  7 porcupines
  21 ice beasts
  4 sky beasts
  4 black bears
  5 ogres
  A wolf (shapeshifter) (D:14)
  12 centaurs
  12 crocodiles
  15 wolves
  14 bullfrogs
  17 big kobolds
  A gnoll sergeant (D:11)
  2 earth elementals (Elf:3)
  A wyvern skeleton (D:14)
  4 scorpions
  48 killer bees
  6 wights
  4 howler monkeys
  5 electric eels
  3 crimson imps
  A lava snake (D:10)
  9 hounds
  A quasit (D:11)
  6 jellies
  6 centaur skeletons
  32 orc priests
  17 orc wizards
  Crazy Yiuf (D:4)
  3 bullfrog skeletons
  Ijyb (D:4)
  5 iguanas
  16 worker ants
  A hound zombie (D:4)
  3 gnolls (D:11)
  A worker ant zombie (D:6)
  A howler monkey skeleton (D:11)
  4 adders
  4 shadow imps
  16 white imps
  2 ufetubi (D:14)
  An ooze (D:3)
  An adder skeleton (D:9)
  2 adder zombies
  3 worms
  4 dart slugs
  3 leopard geckos
  100 orcs
  6 giant cockroaches
  8 goblins
  21 hobgoblins
  13 jackals
  5 quokkas
  2 ball pythons
  11 bats
  6 frilled lizards
  2 jackal skeletons
  33 kobolds
  A leopard gecko skeleton (D:4)
  6 rats
  A crawling corpse (Elf:3)
1325 creatures vanquished.

Vanquished Creatures (collateral kills)
  A wolf spider (Spider:4)
  An orb spider (Spider:4)
  A tarantella (Spider:2)
  5 humans (D:14)
  An acid dragon (D:14)
  A killer bee (D:14)
  An orc wizard (D:4)
  An orc priest (D:4)
  2 adders
  An ufetubus (D:14)
  A worm (D:2)
  2 orcs (D:4)
18 creatures vanquished.

Vanquished Creatures (others)
  A merfolk javelineer (Shoals:4)
  Urug (D:14)
  2 deep elf knights
  2 deep elf archers
  A necromancer (D:14)
  An ironbrand convoker (Vaults:1)
  An orb spider (Spider:4)
  A wind drake (Shoals:4)
  A redback (Spider:2)
  A human (D:14)
  A bullfrog (D:13)
  An orc (D:9)
  15 fungi
  26 plants
  10 tentacles
65 creatures vanquished.

Grand Total: 1408 creatures vanquished

Notes
Turn   | Place    | Note
-------+----------+-------------------------------------------
     0 | D:1      | mhoghedin the Draconian Wizard began the quest for the Orb.
     0 | D:1      | Reached XP level 1. HP: 14/14 MP: 4/4
    54 | D:1      | Reached skill level 1 in Fighting
   350 | D:1      | Reached XP level 2. HP: 15/24 MP: 3/6
   487 | D:1      | Reached skill level 2 in Fighting
  1123 | D:1      | Reached skill level 3 in Fighting
  1123 | D:1      | Reached XP level 3. HP: 14/31 MP: 5/7
  1586 | D:2      | Learned a level 2 spell: Blink
  1589 | D:2      | Learned a level 2 spell: Call Imp
  1592 | D:2      | Learned a level 2 spell: Slow
  1785 | D:2      | You fall through a shaft!
  1808 | D:3      | Noticed Kavrick's ghost (amateur DsFi)
  1852 | D:4      | Reached skill level 4 in Fighting
  1852 | D:4      | Reached XP level 4. HP: 11/40 MP: 0/8
  2054 | D:4      | HP: 10/41 [poisoned by a worker ant]
  2059 | D:4      | HP: 9/41 [poisoned by a worker ant]
  2066 | D:4      | HP: 7/41 [poisoned by a worker ant]
  2074 | D:4      | HP: 6/41 [poisoned by a worker ant]
  2454 | D:4      | Reached skill level 5 in Fighting
  2556 | D:4      | Noticed Ijyb
  2618 | D:4      | Found a snail-covered altar of Cheibriados.
  2644 | D:4      | Reached XP level 5. HP: 44/48 MP: 4/9
  2663 | D:4      | Noticed Eustachio
  3375 | D:2      | Reached skill level 1 in Slings
  3466 | D:2      | Found a sacrificial altar of Ru.
  3869 | D:2      | HP: 12/48 [poisoned by an adder]
  4317 | D:3      | Reached skill level 2 in Slings
  4714 | D:3      | Killed Kavrick's ghost
  4714 | D:3      | Reached skill level 3 in Slings
  4714 | D:3      | Reached XP level 6. HP: 39/56 MP: 10/10
  4924 | D:3      | Reached skill level 1 in Evocations
  5074 | D:4      | Reached skill level 4 in Slings
  5092 | D:4      | Your scales start taking on a rich purple colour.
  5092 | D:4      | Reached skill level 4 in Spellcasting
  5092 | D:4      | Reached skill level 2 in Evocations
  5092 | D:4      | Reached XP level 7. HP: 56/61 MP: 5/13
  5106 | D:4      | Killed Eustachio
  5178 | D:4      | Killed Ijyb
  5178 | D:4      | Reached skill level 3 in Evocations
  5346 | D:4      | Found a runed door.
  5584 | D:4      | Noticed Crazy Yiuf
  5590 | D:4      | Killed Crazy Yiuf
  5641 | D:5      | Entered Level 5 of the Dungeon
  5745 | D:5      | Reached skill level 5 in Slings
  5745 | D:5      | Reached skill level 4 in Evocations
  5766 | D:5      | Found a staircase to the Ecumenical Temple.
  5848 | Temple   | Entered the Ecumenical Temple
  6264 | Temple   | Became a worshipper of Ashenzari the Shackled
  6315 | D:5      | Noticed a hungry ghost
  6322 | D:5      | Killed a hungry ghost
  6322 | D:5      | Reached skill level 5 in Evocations
  6322 | D:5      | Reached XP level 8. HP: 64/68 MP: 14/14
  6352 | D:5      | Noticed Sigmund
  6354 | D:5      | Killed Sigmund
  6354 | D:5      | Reached skill level 6 in Slings
  6666 | D:5      | Found a bloodstained altar of Trog.
  6794 | D:6      | Reached skill level 6 in Evocations
  7309 | D:6      | Learned a level 3 spell: Conjure Flame
  7313 | D:6      | Learned a level 3 spell: Mephitic Cloud
  7371 | D:6      | Reached * piety under Ashenzari
  7501 | D:7      | Reached skill level 7 in Slings
  7521 | D:7      | Reached skill level 7 in Evocations
  7646 | D:7      | Reached XP level 9. HP: 61/74 MP: 15/15
  7693 | D:7      | Found Xememm's Magic Scroll Boutique.
  8130 | D:7      | Reached skill level 8 in Evocations
  8201 | D:7      | Reached skill level 8 in Slings
  8568 | D:8      | Found a glowing silver altar of Zin.
  8580 | D:7      | Reached skill level 2 in Dodging
  8612 | D:7      | HP: 18/74 [poisoned by a soldier ant]
  8620 | D:7      | HP: 18/74 [poisoned by a soldier ant]
  9174 | D:8      | Reached skill level 3 in Dodging
  9186 | D:8      | Reached skill level 6 in Fighting
  9449 | D:8      | Reached XP level 10. HP: 84/84 MP: 16/16
  9475 | D:8      | Reached skill level 4 in Dodging
  9494 | D:8      | Reached skill level 9 in Slings
  9535 | D:8      | Reached skill level 7 in Fighting
 10162 | D:8      | Found Ullettic's Antique Weapon Shoppe.
 10318 | D:9      | Noticed a two-headed ogre
 10319 | D:9      | a two-headed ogre changed into a slime creature
 10340 | D:9      | Reached skill level 1 in Air Magic
 10340 | D:9      | Reached skill level 1 in Poison Magic
 10610 | D:9      | Noticed a lindwurm
 10610 | D:9      | a merfolk changed into a lindwurm
 10663 | D:9      | Reached skill level 2 in Conjurations
 10792 | D:9      | Reached skill level 2 in Air Magic
 10802 | D:9      | Reached skill level 2 in Poison Magic
 11259 | D:9      | Reached skill level 3 in Conjurations
 11265 | D:9      | Noticed a fire dragon
 11269 | D:9      | Killed a fire dragon
 11269 | D:9      | Reached skill level 3 in Air Magic
 11269 | D:9      | Reached skill level 3 in Poison Magic
 11490 | D:10     | Entered Level 10 of the Dungeon
 11978 | D:10     | Reached skill level 5 in Dodging
 11978 | D:10     | Reached XP level 11. HP: 89/92 MP: 17/17
 12167 | D:10     | Reached ** piety under Ashenzari
 12670 | D:10     | Reached skill level 8 in Fighting
 13714 | D:11     | Noticed a two-headed ogre
 13736 | D:11     | Killed a two-headed ogre
 13939 | D:11     | Reached skill level 6 in Dodging
 14036 | D:11     | Reached skill level 10 in Slings
 14101 | D:11     | Noticed a two-headed ogre
 14113 | D:11     | Killed a two-headed ogre
 14113 | D:11     | Reached skill level 9 in Fighting
 14119 | D:11     | Got the dagger of Kismet {vamp, rPois}
 14670 | D:11     | Found a staircase to the Lair.
 14716 | D:11     | Got the broad axe of Evolution {holy, *Drain rN+++ Dex+4}
 15051 | D:11     | Identified the +4 broad axe of Evolution {holy, *Drain rN+++ Dex+4} (You found it on level 11 of the Dungeon)
 15154 | D:8      | Bought a jewelled scimitar for 306 gold pieces
 15277 | Lair:1   | Entered Level 1 of the Lair of Beasts
 15373 | Lair:1   | Reached skill level 7 in Dodging
 15681 | Lair:1   | Noticed Nergalle
 15717 | Lair:1   | Killed Nergalle
 15999 | Lair:1   | Reached XP level 12. HP: 90/106 MP: 18/18
 16015 | Lair:1   | Reached skill level 10 in Fighting
 16455 | Lair:1   | Noticed Harold
 16600 | Lair:1   | Killed Harold
 17030 | Lair:2   | Found a labyrinth entrance.
 17048 | Lab      | Entered a labyrinth
 17101 | Lab      | Noticed a minotaur
 17109 | Lab      | Killed a minotaur
 17109 | Lab      | Reached skill level 11 in Slings
 17109 | Lab      | Reached skill level 8 in Dodging
 17115 | Lab      | Identified the Papyrus of Protection
 17124 | Lab      | Identified Sif Muna's Compendium of Earthen Curses
 17162 | Lair:2   | Learned a level 3 spell: Regeneration
 17408 | Lair:2   | Reached skill level 1 in Charms
 17578 | Lair:2   | Reached skill level 4 in Air Magic
 17698 | Lair:2   | Reached skill level 2 in Charms
 18374 | Lair:2   | Reached skill level 1 in Necromancy
 18395 | Lair:2   | Reached skill level 5 in Spellcasting
 18436 | Lair:2   | Reached skill level 3 in Charms
 18555 | Lair:2   | Learned a level 6 spell: Deflect Missiles
 18591 | Lair:2   | Reached skill level 5 in Air Magic
 18936 | Lair:3   | Noticed a death yak
 18937 | Lair:3   | Noticed a death yak
 18939 | Lair:3   | Noticed a death yak
 18986 | Lair:2   | Killed a death yak
 18986 | Lair:2   | Reached skill level 4 in Charms
 19298 | Lair:3   | Found a hole to the Spider Nest.
 19368 | Lair:3   | Reached skill level 6 in Air Magic
 19385 | Lair:3   | Reached skill level 5 in Charms
 19784 | Lair:3   | Killed a death yak
 19784 | Lair:3   | Reached skill level 6 in Charms
 19832 | Lair:3   | Reached XP level 13. HP: 79/114 MP: 20/20
 19972 | Lair:3   | Reached *** piety under Ashenzari
 20283 | Lair:3   | Identified a lightning rod (4/4)
 20595 | Lair:3   | Got the dagger of Terra Nullius {protect, rN+ Int+6 Stlth+}
 20836 | Lair:4   | Reached skill level 1 in Maces & Flails
 20920 | Lair:4   | Noticed Snorg
 20947 | Lair:4   | Reached skill level 2 in Maces & Flails
 20957 | Lair:4   | Killed Snorg
 20973 | Lair:4   | Reached skill level 3 in Maces & Flails
 21097 | Lair:4   | Found a shadowy altar of Dithmenos.
 21213 | Lair:4   | Reached skill level 4 in Maces & Flails
 21232 | Lair:4   | Found a staircase to the Shoals.
 21511 | Lair:4   | Reached skill level 5 in Maces & Flails
 22257 | Lair:5   | Reached skill level 6 in Maces & Flails
 22481 | Lair:5   | Reached skill level 7 in Maces & Flails
 22629 | Lair:5   | HP: 18/115 [dream sheep (30)]
 22753 | Lair:5   | Reached skill level 8 in Maces & Flails
 23337 | Lair:5   | Reached skill level 9 in Maces & Flails
 23558 | Lair:5   | Reached **** piety under Ashenzari
 24068 | Lair:6   | Entered Level 6 of the Lair of Beasts
 24261 | Lair:6   | Reached skill level 7 in Air Magic
 24273 | Lair:6   | Reached skill level 1 in Throwing
 24363 | Lair:6   | Noticed Josephine
 24364 | Lair:6   | Killed Josephine
 24520 | Lair:6   | Reached skill level 11 in Fighting
 24611 | Lair:6   | Reached XP level 14. HP: 54/124 MP: 16/21
 25079 | Lair:6   | Gained mutation: You tend to lose your temper in combat. [potion of mutation]
 25079 | Lair:6   | Gained mutation: You are agile. (Dex +2) [potion of mutation]
 25079 | Lair:6   | Gained mutation: You have an increased reservoir of magic. (+10% MP) [potion of mutation]
 25080 | Lair:6   | Lost mutation: You are agile. (Dex +2) [potion of mutation]
 25080 | Lair:6   | Lost mutation: You tend to lose your temper in combat. [potion of mutation]
 25080 | Lair:6   | Lost mutation: You have an increased reservoir of magic. (+10% MP) [potion of mutation]
 25080 | Lair:6   | Gained mutation: Your muscles are strong. (Str +2) [potion of mutation]
 25080 | Lair:6   | Gained mutation: You are agile. (Dex +2) [potion of mutation]
 25108 | Lair:6   | Learned a level 2 spell: Swiftness
 25332 | Lair:6   | Found a staircase to the Slime Pits.
 25580 | Lair:6   | Reached skill level 9 in Evocations
 25777 | Lair:6   | Found the amulet of the Four Winds {rN+ MR+++ Clar}
 25835 | Lair:6   | Reached skill level 9 in Dodging
 26273 | D:11     | Paralysed by a hornet for 1 turns
 26355 | D:12     | Found a staircase to the Orcish Mines.
 26702 | D:12     | Noticed Rupert
 26704 | D:12     | Paralysed by Rupert for 2 turns
 26714 | D:12     | Killed Rupert
 26714 | D:12     | Reached skill level 12 in Fighting
 27230 | D:13     | Reached ***** piety under Ashenzari
 27690 | D:13     | Reached skill level 10 in Dodging
 28069 | D:13     | Identified a +0 pair of boots of running (You found it on level 13 of the Dungeon)
 28196 | D:14     | Found a gate to the Vaults.
 28196 | D:14     | Noticed Urug
 28241 | D:14     | Your ally died
 28330 | D:14     | Found a frozen archway.
 28369 | D:14     | Reached skill level 13 in Fighting
 28433 | D:14     | Found Deoneg's Food Emporium.
 28444 | IceCv    | Entered an ice cave
 28690 | IceCv    | HP: 22/129 [something] (30)]
 28700 | IceCv    | HP: 30/129 [ice beast[an ice statue] (1)]
 29643 | IceCv    | Identified the ring of Suspicion {rElec rC+ Str+4 Int-5 Stlth+}
 29653 | IceCv    | Reached skill level 10 in Evocations
 29653 | IceCv    | Reached XP level 15. HP: 136/136 MP: 22/22
 30114 | D:14     | Noticed Frances
 30127 | D:13     | HP: 31/136 [meliai/divine providence (11)]
 30503 | Orc:1    | Entered Level 1 of the Orcish Mines
 30905 | Orc:1    | Found Ymuar's Food Shop.
 31358 | Orc:1    | Noticed an orc warlord
 31434 | Orc:1    | an orc warlord changed into a catoblepas
 31827 | Orc:2    | Entered Level 2 of the Orcish Mines
 31827 | Orc:2    | Found a staircase to the Elven Halls.
 31900 | Orc:2    | Noticed Aviak's ghost (journeyman CeHu)
 32552 | Orc:2    | HP: 31/136 [Aviak's ghost (24)]
 32553 | Orc:2    | HP: 5/136 [Aviak's ghost (21)]
 32553 | Orc:2    | HP: 1/136 [Aviak's ghost (4)]
 33068 | Orc:2    | HP: 12/136 [Aviak's ghost (31)]
 33069 | Orc:2    | Killed Aviak's ghost
 33489 | Orc:2    | Found a roughly hewn altar of Beogh.
 34006 | Orc:2    | Reached skill level 10 in Maces & Flails
 34014 | Orc:2    | HP: 11/136 [orc warrior/trident (32)]
 34668 | Orc:2    | Found Agips's Weapon Boutique.
 34671 | Orc:2    | Found Geniofai's Food Shop.
 34672 | Orc:2    | Found Owoelin's Distillery.
 34673 | Orc:2    | Found Dypnuwk's Antique Armour Boutique.
 34827 | D:13     | Reached skill level 11 in Maces & Flails
 35103 | D:14     | Killed Frances
 35674 | D:14     | Identified a scroll of acquirement
 35674 | D:14     | Identified the cursed ring "Iffuw" {+Inv rC+} (You acquired it on level 14 of the Dungeon)
 35718 | D:14     | Found a white marble altar of Elyvilon.
 36640 | D:15     | Entered Level 15 of the Dungeon
 36696 | D:15     | Reached skill level 12 in Maces & Flails
 37092 | D:15     | HP: 28/135 [spark wasp (13)]
 37858 | D:15     | Found a staircase to the Depths.
 37903 | D:15     | Reached skill level 13 in Maces & Flails
 37950 | D:15     | Lost mutation: You are agile. (Dex +2) [potion of mutation]
 37950 | D:15     | Lost mutation: Your muscles are strong. (Str +2) [potion of mutation]
 37950 | D:15     | Gained mutation: You occasionally shout uncontrollably at your foes. [potion of mutation]
 37950 | D:15     | Gained mutation: You can translocate small distances at will. [potion of mutation]
 37950 | D:15     | Gained mutation: Your muscles are strong. (Str +2) [potion of mutation]
 37950 | D:15     | Gained mutation: You are resistant to electric shocks. (rElec) [potion of mutation]
 37951 | D:15     | Lost mutation: You can translocate small distances at will. [potion of mutation]
 37951 | D:15     | Lost mutation: You occasionally shout uncontrollably at your foes. [potion of mutation]
 37951 | D:15     | Lost mutation: Your muscles are strong. (Str +2) [potion of mutation]
 37951 | D:15     | Lost mutation: You are resistant to electric shocks. (rElec) [potion of mutation]
 37951 | D:15     | Gained mutation: You have an increased reservoir of magic. (+10% MP) [potion of mutation]
 37951 | D:15     | Gained mutation: You are resistant to electric shocks. (rElec) [potion of mutation]
 38035 | D:15     | Identified the Papyrus of the Barnacle
 38532 | D:15     | Reduced skill Slings to level 10
 38687 | D:15     | Learned a level 6 spell: Freezing Cloud
 38878 | Shoals:1 | Entered Level 1 of the Shoals
 38884 | Shoals:1 | Reached skill level 4 in Conjurations
 38893 | Shoals:1 | Reached skill level 14 in Maces & Flails
 39183 | Shoals:1 | HP: 34/136 [poisoned by a sea snake]
 39188 | Shoals:1 | HP: 28/136 [poisoned by a sea snake]
 39193 | Lair:4   | HP: 24/136 [poisoned by a sea snake]
 39198 | Lair:4   | HP: 22/136 [poisoned by a sea snake]
 39203 | Lair:4   | HP: 20/136 [poisoned by a sea snake]
 39208 | Lair:4   | HP: 20/136 [poisoned by a sea snake]
 39215 | Lair:4   | HP: 20/136 [poisoned by a sea snake]
 39223 | Lair:4   | HP: 21/136 [poisoned by a sea snake]
 39653 | Spider:1 | Entered Level 1 of the Spider Nest
 39653 | Spider:1 | Noticed Louise
 39672 | Spider:1 | Killed Louise
 39672 | Spider:1 | Reached skill level 1 in Ice Magic
 39954 | D:8      | Bought a crude whip for 255 gold pieces
 40145 | Orc:2    | Bought a +0 vampiric demon whip for 517 gold pieces
 40654 | Orc:2    | Bought a buckler for 157 gold pieces
 40662 | Orc:2    | Lost mutation: You are resistant to electric shocks. (rElec) [potion of mutation]
 40662 | Orc:2    | Gained mutation: Scrolls take you a little longer to read. [potion of mutation]
 40662 | Orc:2    | Gained mutation: You are occasionally teleported next to monsters. [potion of mutation]
 40662 | Orc:2    | Gained mutation: Your system is resistant to poisons. (rPois) [potion of mutation]
 40663 | Orc:2    | Lost mutation: Scrolls take you a little longer to read. [potion of mutation]
 40663 | Orc:2    | Lost mutation: You are occasionally teleported next to monsters. [potion of mutation]
 40663 | Orc:2    | Lost mutation: You have an increased reservoir of magic. (+10% MP) [potion of mutation]
 40663 | Orc:2    | Gained mutation: Scrolls take you a little longer to read. [potion of mutation]
 40663 | Orc:2    | Gained mutation: You are weak. (Str -2) [potion of mutation]
 40663 | Orc:2    | Lost mutation: Scrolls take you a little longer to read. [potion of mutation]
 41010 | Spider:1 | Reached XP level 16. HP: 125/144 MP: 21/23
 41173 | Spider:1 | Reached skill level 1 in Shields
 41672 | Spider:1 | Reached skill level 2 in Shields
 42058 | Spider:2 | Noticed Roxanne
 42088 | Spider:2 | Reached skill level 3 in Shields
 42561 | Spider:2 | Reached skill level 4 in Shields
 42657 | Spider:2 | Killed Roxanne
 43071 | Spider:2 | Reached skill level 6 in Spellcasting
 43745 | Spider:2 | Reached skill level 7 in Spellcasting
 43879 | Spider:2 | Reduced skill Slings to level 9
 43879 | Spider:2 | Reached skill level 8 in Spellcasting
 43896 | Spider:2 | Learned a level 6 spell: Iron Shot
 43950 | Spider:2 | Reached skill level 9 in Spellcasting
 44304 | Spider:2 | HP: 35/144 [poisoned by a redback]
 44311 | Spider:2 | HP: 33/144 [wolf spider (5)]
 44313 | Spider:2 | HP: 10/144 [wolf spider (8)]
 44693 | Spider:3 | Reached skill level 10 in Spellcasting
 44704 | Spider:3 | Reduced skill Slings to level 8
 44907 | Spider:2 | Reached skill level 11 in Spellcasting
 44919 | Spider:2 | Learned a level 6 spell: Statue Form
 45191 | Spider:3 | HP: 28/144 [spark wasp (16)]
 45194 | Spider:3 | Reduced skill Slings to level 7
 45194 | Spider:3 | Reached skill level 1 in Transmutations
 45194 | Spider:3 | Reached skill level 1 in Earth Magic
 45546 | Spider:3 | Noticed Asterion
 45550 | Spider:3 | Killed Asterion
 45550 | Spider:3 | Reached skill level 2 in Transmutations
 45550 | Spider:3 | Reached skill level 2 in Earth Magic
 46095 | Spider:3 | Noticed Arachne
 46135 | Spider:3 | Reached skill level 3 in Transmutations
 46135 | Spider:3 | Reached skill level 3 in Earth Magic
 46142 | Spider:3 | Killed Arachne
 46195 | Spider:4 | Entered Level 4 of the Spider Nest
 46215 | Spider:4 | Reached skill level 4 in Earth Magic
 46253 | Spider:3 | Reached skill level 4 in Transmutations
 46412 | Spider:4 | Noticed Aizul
 46453 | Spider:4 | Killed Aizul
 46545 | Spider:4 | Reached skill level 5 in Transmutations
 46545 | Spider:4 | Reached skill level 5 in Earth Magic
 47268 | Spider:4 | Reached skill level 6 in Transmutations
 47284 | Spider:4 | Reached skill level 6 in Earth Magic
 47562 | Spider:4 | Reached XP level 17. HP: 150/150 MP: 28/32
 47939 | Spider:4 | HP: 47/195 [emperor scorpion (5)]
 47944 | Spider:4 | HP: 42/195 [emperor scorpion (7)]
 47949 | Spider:4 | HP: 28/195 [emperor scorpion (3)]
 47954 | Spider:4 | HP: 42/195 [emperor scorpion (9)]
 47967 | Spider:4 | Reached skill level 7 in Transmutations
 47967 | Spider:4 | Reached skill level 7 in Earth Magic
 48289 | Spider:4 | Noticed Jorgrun
 48318 | Spider:4 | Killed Jorgrun
 48318 | Spider:4 | Reached skill level 2 in Ice Magic
 48363 | Spider:4 | Reached skill level 12 in Spellcasting
 48594 | Spider:4 | Reached skill level 8 in Air Magic
 48846 | Spider:4 | Got a gossamer rune of Zot
 49048 | Shoals:1 | Reached skill level 3 in Ice Magic
 49111 | Shoals:1 | Reduced skill Slings to level 6
 49111 | Shoals:1 | Reached skill level 5 in Conjurations
 49305 | Shoals:1 | Reduced skill Slings to level 5
 49794 | Shoals:2 | Reached skill level 13 in Spellcasting
 49823 | Shoals:2 | Found Tafriqal's Antique Weapon Boutique.
 49901 | Shoals:2 | Reduced skill Slings to level 4
 50064 | Shoals:2 | Noticed a kraken
 50177 | Shoals:3 | Reached skill level 4 in Ice Magic
 50182 | Shoals:3 | Reached skill level 8 in Earth Magic
 50442 | Shoals:3 | Reached skill level 6 in Conjurations
 50722 | Shoals:3 | Noticed a kraken
 50856 | Shoals:4 | Entered Level 4 of the Shoals
 50932 | Shoals:4 | Reduced skill Slings to level 3
 50972 | Shoals:4 | Found the +10 zealot's sword {holy, *Rage rN+ EV+3}
 50991 | Shoals:4 | Reached skill level 14 in Spellcasting
 50992 | Shoals:4 | Reduced skill Slings to level 2
 51011 | Shoals:4 | Reduced skill Slings to level 1
 51011 | Shoals:4 | Reached skill level 9 in Earth Magic
 51039 | Shoals:4 | Reduced skill Slings to level 0
 51088 | Shoals:4 | Learned a level 9 spell: Shatter
 51190 | Shoals:4 | Noticed Ilsuiw
 51224 | Shoals:4 | Killed Ilsuiw
 51363 | Shoals:4 | Reached skill level 10 in Earth Magic
 51582 | Shoals:4 | Reached XP level 18. HP: 157/157 MP: 19/36
 51586 | Shoals:4 | Reached skill level 11 in Earth Magic
 51603 | Shoals:4 | HP: 31/204 [satyr/arrow (21)]
 51889 | Shoals:4 | Noticed Bai Suzhen
 51975 | Shoals:4 | Killed Bai Suzhen
 51975 | Shoals:4 | Reached skill level 12 in Earth Magic
 52256 | Shoals:4 | Got a barnacled rune of Zot
 52864 | Elf:1    | Entered Level 1 of the Elven Halls
 53077 | Elf:1    | Reached skill level 13 in Earth Magic
 53109 | Elf:1    | Identified Vehumet's Compendium of Attacks
 54042 | Elf:2    | Found Amifracw's Antique Armour Boutique.
 54070 | Elf:2    | Reached skill level 11 in Dodging
 54113 | Elf:2    | Found Jitzib's Assorted Antiques.
 54795 | Elf:2    | Reached skill level 14 in Fighting
 54809 | Elf:2    | Found a huge runed gate.
 54809 | Elf:2    | Found a huge runed gate.
 54809 | Elf:2    | Found a huge runed gate.
 54809 | Elf:2    | Found a huge runed gate.
 54812 | Elf:2    | Found a huge runed gate.
 55198 | Elf:3    | Entered Level 3 of the Elven Halls
 55294 | Elf:3    | Reached XP level 19. HP: 167/167 MP: 24/37
 55300 | Elf:3    | Reached skill level 14 in Earth Magic
 55600 | Elf:3    | Found Usuen's Assorted Antiques.
 56251 | Elf:3    | Reached skill level 12 in Dodging
 56281 | Elf:3    | Upgraded the game from 0.22-a0-142-g91cc6d7 to 0.22-a0-147-gfdd7f25
 56471 | Elf:3    | Reached skill level 15 in Fighting
 56483 | Elf:3    | Identified the ring "Rulemn" {rPois MR+ Int+4}
 56622 | Elf:3    | Identified a lightning rod (4/4)
 56696 | Elf:3    | Identified the Grimoire of Twisted Fire
 56749 | Elf:3    | Identified the cursed +0 lajatang "Hucsis" {drain, *Drain rC+ MP+9 Dex+9} (You found it on level 3 of the Elven Halls)
 56750 | Elf:3    | Identified the cursed +1 whip of Duty {freeze, rF- rN+ Str+6} (You bought it in a shop on level 8 of the Dungeon)
 56750 | Elf:3    | Identified the +6 dagger of Kismet {vamp, rPois} (You took it off an orc on level 11 of the Dungeon)
 56750 | Elf:3    | Identified the +4 dagger of Terra Nullius {protect, rN+ Int+6 Stlth+} (You found it on level 3 of the Lair of Beasts)
 56750 | Elf:3    | Identified the +7 whip "Ummec" {slash, Dex+2}
 56750 | Elf:3    | Identified the +6 double sword "Killer Bee's Curse" {slice, +Rage +Fly Str-3 SInv} (You took it off a deep elf sorcerer on level 3 of the Elven Halls)
 56750 | Elf:3    | Identified the +3 flail of Indignation {freeze, rC- rN+ Str+5 Dex+2} (You found it on level 1 of the Lair of Beasts)
 56750 | Elf:3    | Identified the cursed +1 scimitar of Cheese {slice, rF+++ Str+4 Stlth-} (You bought it in a shop on level 8 of the Dungeon)
 57113 | Lair:2   | Identified the cursed +1 scimitar of Cheese {slice, rF+++ Str+4 Stlth-} (You bought it in a shop on level 8 of the Dungeon)
 57213 | Spider:1 | Lost mutation: You are weak. (Str -2) [potion of mutation]
 57213 | Spider:1 | Lost mutation: Your system is resistant to poisons. (rPois) [potion of mutation]
 57213 | Spider:1 | Gained mutation: Your mind is acute. (Int +2) [potion of mutation]
 57213 | Spider:1 | Gained mutation: Your large and strong wings let you fly indefinitely. [potion of mutation]
 57213 | Spider:1 | Lost mutation: Your mind is acute. (Int +2) [potion of mutation]
 57213 | Spider:1 | Gained mutation: You evolve. [potion of mutation]
 57353 | Slime:1  | Entered Level 1 of the Pits of Slime
 57561 | Vaults:1 | Entered Level 1 of the Vaults
 57848 | Vaults:1 | HP: 44/221 [deep troll[an ironheart preserver] (15)]
 57849 | Vaults:1 | HP: 11/221 [deep troll (illusionary)[an ironheart preserver] (14)]
 57849 | Vaults:1 | HP: 1/221 [deep troll shaman (illusionary)[an ironheart preserver] (10)]
 57849 | Vaults:1 | Mangled by a deep troll

Vault maps used:
D:1:      mushboom_english_gardens
D:2:      nicolae_ru_the_path_less_chosen
D:3:      corexii_shack_village, uniq_sigmund
D:4:      kennysheep_little_box, minmay_cupped, uniq_ijyb, uniq_eustachio,
          uniq_crazy_yiuf_cottage
D:5:      minmay_temple_entry_butterflies, first_ration, minmay_door_square,
          bloody_trog
D:6:      nicolae_whirlpool
D:7:      serial_shops, shop_fountains
D:8:      special_room, basic_altar, serial_shops, nicolae_shop_trees
D:9:      dragon1_lemuel, hangedman_fish_farm, minmay_gold_behind_fungi,
          kennysheep_potato
D:10:     kennysheep_island_fort
D:11:     wad_guarded_room, david_lair_shrubbed, minmay_holes
D:12:     erik_orc_3, uniq_rupert
D:14:     david_vaults_3, serial_shops, shop, serial_ice, serial_ice_j,
          serial_ice_o, serial_ice_c, serial_ice_n, portal_ice_cave_entry_imps,
          elyvilon_altar_1, kennysheep_kite_vault, uniq_frances
D:15:     hangedman_depths_entry_try_elsewhere_first, nicolae_wwwww
Temple:   roderic_octagonal_lattice_temple
Lair:1:   uniq_harold, uniq_nergalle
Lair:2:   lab_entry_generic
Lair:3:   nicolae_spider_entry_orb_guardian, lemuel_fruit_tree,
          grunt_megastairs_4
Lair:4:   elwin_shoals_entry_rooms, basic_altar, uniq_snorg
Lair:5:   wad_woods_river_01, grunt_megastairs_5
Lair:6:   hangedman_lair_in_review, minmay_slime_entry_pillars,
          infiniplex_staircase_pool, serial_bayou_shore_a, uniq_josephine
Shoals:1: yaktaur_hedge
Shoals:2: serial_shops, nicolae_shop_crystal, shop, shop, shop_fountains,
          shop_statue
Shoals:3: st_shoals_ruin
Shoals:4: shoals_end_grunt_ice, shoals_ilsuiw_alternative, uniq_bai_suzhen
Spider:1: uniq_louise
Spider:2: uniq_roxanne
Spider:3: nicolae_spider_webs_and_nodes, uniq_asterion, uniq_arachne
Spider:4: grunt_spider_rune_circles, uniq_aizul, uniq_jorgrun
Orc:1:    cheibrodos_orc_arena, serial_shops, nicolae_shop_trees
Orc:2:    st_orc_pillars, basic_altar, nicolae_orc_rich_vein
Elf:1:    eino_elf_arrival_the_gate, minmay_elf_annihilation
Elf:2:    serial_shops, shop, shop
Elf:3:    elf_hall_gauntlet_wide, serial_shops, shop
Vaults:1: nicolae_vaults_yaktaur_gun_rack, v_misc_18, nicolae_vaults_rhombus_6,
          nicolae_vaults_circle_grid_a, vaults_mumra_hex, grunt_vaults_swirl,
          v_alt_pattern_6, v_alt_pattern_1, vaults_room_glass_cross
Lab:      nicolae_lab_dead_adventurers, lab_block, nicolae_lab_starburst,
          labyrinth_skeletal_remains, nicolae_lab_t_cross, nicolae_lab_hexagon,
          nicolae_lab_statue
IceCv:    ice_cave_small_dragons

Skill      XL: |  1  2  3  4  5  6  7  8  9 10 11 12 13 14 15 16 17 18 19 |
---------------+----------------------------------------------------------+-----
Fighting       | 1 3 4 5 6 7 9 10 11 13 14 15 | 15.1
Slings         | 3 4 5 7 8 9 10 11 10 7 0 |  0.0
Evocations     | 2 5 7 8 10 | 10.6
Spellcasting   | 4 5 11 14 | 14.5
Dodging        | 3 5 7 8 10 11 12 | 12.4
Air Magic      | 3 6 7 8 |  8.8
Poison Magic   | 3 |  3.7
Conjurations   | 3 4 6 |  6.0
Charms         | 6 |  6.8
Necromancy     | 1 |  1.7
Maces & Flails | 9 14 | 14.3
Throwing       | 1 |  1.0
Ice Magic      | 1 4 |  4.4
Shields        | 4 |  4.2
Transmutations | 6 7 |  7.0
Earth Magic    | 6 10 13 14 | 14.7
Stealth        | |  1.7
Summonings     | |  1.0
Translocations | |  1.0

Action                   |  1- 3 |  4- 6 |  7- 9 | 10-12 | 13-15 | 16-18 | 19-21 || total
-------------------------+-------+-------+-------+-------+-------+-------+-------++-------
Melee: Unarmed           |    38 |       |       |       |       |       |       ||    38
       Tailslap          |    10 |     3 |       |       |   160 |   378 |    28 ||   579
       Short sword       |    99 |    66 |       |       |       |       |       ||   165
       Eveningstar       |       |       |       |       |   967 |       |    23 ||   990
       Demon whip        |       |       |       |       |    17 |  2675 |   220 ||  2912
       Morningstar       |       |       |       |       |     7 |       |       ||     7
       Staff             |       |       |       |       |       |    32 |       ||    32
 Fire: Hunting sling     |       |   171 |   465 |  1295 |  1461 |       |       ||  3392
Throw: Stone             |       |       |       |       |     8 |       |       ||     8
 Cast: Magic Dart        |    38 |    11 |       |       |       |       |       ||    49
       Slow              |     2 |       |       |       |     1 |       |       ||     3
       Call Imp          |       |    13 |       |     2 |     2 |     2 |       ||    19
       Blink             |       |     2 |     5 |    10 |    30 |    13 |       ||    60
       Mephitic Cloud    |       |       |       |    40 |    88 |    32 |       ||   160
       Conjure Flame     |       |       |       |     4 |     4 |       |       ||     8
       Regeneration      |       |       |       |     1 |    26 |    61 |     2 ||    90
       Deflect Missiles  |       |       |       |       |     3 |    13 |     2 ||    18
       Statue Form       |       |       |       |       |       |    56 |    12 ||    68
       Freezing Cloud    |       |       |       |       |       |    41 |    12 ||    53
       Swiftness         |       |       |       |       |       |     1 |       ||     1
       Iron Shot         |       |       |       |       |       |     6 |     2 ||     8
Invok: Curse Item        |       |       |     2 |     1 |     2 |       |     2 ||     7
       Transfer Knowledg |       |       |       |       |     1 |     3 |       ||     4
       End Transfer Know |       |       |       |       |     1 |       |       ||     1
       Scrying           |       |       |       |       |       |       |     1 ||     1
 Abil: Breathe Dispellin |       |       |     2 |     2 |       |       |       ||     4
       End Transformatio |       |       |       |       |       |     1 |       ||     1
       Evoke Invisibilit |       |       |       |       |       |     2 |       ||     2
Evoke: Wand              |       |     2 |    19 |    37 |    81 |    38 |       ||   177
       Lightning rod     |       |       |       |       |    28 |     7 |       ||    35
       Sack of spiders   |       |       |       |       |       |     1 |       ||     1
       Phantom mirror    |       |       |       |       |       |     1 |       ||     1
       Fan of gales      |       |       |       |       |       |     1 |       ||     1
  Use: Scroll            |       |    10 |     5 |     6 |    21 |    13 |     4 ||    59
       Potion            |       |     6 |       |     5 |    17 |    10 |     3 ||    41
 Stab: Sleeping          |     1 |       |       |       |     2 |     2 |       ||     5
       Confused          |       |       |       |       |    27 |    17 |       ||    44
       Distracted        |       |       |       |       |     1 |     1 |       ||     2
       Held in net/web   |       |       |       |       |       |     3 |       ||     3
       Invisible         |       |       |       |       |       |    10 |       ||    10
  Eat: Chunk             |     3 |     7 |     2 |    12 |    23 |    31 |     2 ||    80
       Ration            |       |     1 |     5 |     7 |    15 |    18 |     4 ||    50
Armor: Skin              |    56 |    56 |    89 |   155 |   361 |  1333 |   117 ||  2167
Dodge: Dodged            |   108 |    96 |   107 |   321 |  1132 |  2182 |   185 ||  4131
       Deflected         |       |       |       |       |    42 |   119 |    16 ||   177
Block: Buckler           |       |       |       |       |     5 |   835 |    40 ||   880
       Shield            |       |       |       |       |       |       |    41 ||    41

Table legend:
 A = Spawn XP
 B = Non-spawn XP
 C = Spawn XP percentage of total XP
 D = Spawn monster count
 E = Non-spawn monster count
 F = Spawn count percentage of total count
 G = Total turns spent on level
                    A         B        C        D         E        F      G
               +---------+---------+-------+---------+---------+-------+---------
         Total |       0 |  430752 |   0.0 |       0 |    1353 |   0.0 | 57849
               +---------+---------+-------+---------+---------+-------+---------
           D:1 |       0 |      45 |   0.0 |       0 |      25 |   0.0 |  1666
           D:2 |       0 |      63 |   0.0 |       0 |      24 |   0.0 |  1398
           D:3 |       0 |     371 |   0.0 |       0 |      46 |   0.0 |  1132
           D:4 |       0 |     582 |   0.0 |       0 |      19 |   0.0 |  1445
           D:5 |       0 |     885 |   0.0 |       0 |      15 |   0.0 |   715
           D:6 |       0 |     498 |   0.0 |       0 |      18 |   0.0 |   693
           D:7 |       0 |    1491 |   0.0 |       0 |      29 |   0.0 |  1414
           D:8 |       0 |    3062 |   0.0 |       0 |      57 |   0.0 |  1438
           D:9 |       0 |    2958 |   0.0 |       0 |      30 |   0.0 |  1351
          D:10 |       0 |    3125 |   0.0 |       0 |      39 |   0.0 |  1739
          D:11 |       0 |    5920 |   0.0 |       0 |      39 |   0.0 |  2518
          D:12 |       0 |    5689 |   0.0 |       0 |      32 |   0.0 |  1095
          D:13 |       0 |    9563 |   0.0 |       0 |      36 |   0.0 |  1717
          D:14 |       0 |   18060 |   0.0 |       0 |      82 |   0.0 |  2213
          D:15 |       0 |   14910 |   0.0 |       0 |      26 |   0.0 |  2064
        Lair:1 |       0 |    6658 |   0.0 |       0 |      44 |   0.0 |  1886
        Lair:2 |       0 |    6159 |   0.0 |       0 |      31 |   0.0 |  2223
        Lair:3 |       0 |    8207 |   0.0 |       0 |      31 |   0.0 |  1722
        Lair:4 |       0 |    7662 |   0.0 |       0 |      28 |   0.0 |  2297
        Lair:5 |       0 |   10651 |   0.0 |       0 |      40 |   0.0 |  1770
        Lair:6 |       0 |   18864 |   0.0 |       0 |      51 |   0.0 |  2128
      Shoals:1 |       0 |    7571 |   0.0 |       0 |      17 |   0.0 |  1051
      Shoals:2 |       0 |    5679 |   0.0 |       0 |      12 |   0.0 |   412
      Shoals:3 |       0 |   17660 |   0.0 |       0 |      37 |   0.0 |  1019
      Shoals:4 |       0 |   54371 |   0.0 |       0 |      72 |   0.0 |  1483
      Spider:1 |       0 |    6855 |   0.0 |       0 |      20 |   0.0 |  1849
      Spider:2 |       0 |   20310 |   0.0 |       0 |      58 |   0.0 |  2797
      Spider:3 |       0 |   17100 |   0.0 |       0 |      24 |   0.0 |  1703
      Spider:4 |       0 |   40938 |   0.0 |       0 |      78 |   0.0 |  1991
         Orc:1 |       0 |    4554 |   0.0 |       0 |      45 |   0.0 |  2668
         Orc:2 |       0 |   13333 |   0.0 |       0 |      81 |   0.0 |  1947
         Elf:1 |       0 |   22799 |   0.0 |       0 |      39 |   0.0 |  1164
         Elf:2 |       0 |   32290 |   0.0 |       0 |      49 |   0.0 |  1229
         Elf:3 |       0 |   54844 |   0.0 |       0 |      56 |   0.0 |  1739
      Vaults:1 |       0 |     942 |   0.0 |       0 |       2 |   0.0 |   288
           Lab |       0 |    1105 |   0.0 |       0 |       1 |   0.0 |   107
         IceCv |       0 |    4978 |   0.0 |       0 |      20 |   0.0 |  1341
               +---------+---------+-------+---------+---------+-------+---------

Vault maps used:
D:1:      mushboom_english_gardens
D:2:      nicolae_ru_the_path_less_chosen
D:3:      corexii_shack_village, uniq_sigmund
D:4:      kennysheep_little_box, minmay_cupped, uniq_ijyb, uniq_eustachio,
          uniq_crazy_yiuf_cottage
D:5:      minmay_temple_entry_butterflies, first_ration, minmay_door_square,
          bloody_trog
D:6:      nicolae_whirlpool
D:7:      serial_shops, shop_fountains
D:8:      special_room, basic_altar, serial_shops, nicolae_shop_trees
D:9:      dragon1_lemuel, hangedman_fish_farm, minmay_gold_behind_fungi,
          kennysheep_potato
D:10:     kennysheep_island_fort
D:11:     wad_guarded_room, david_lair_shrubbed, minmay_holes
D:12:     erik_orc_3, uniq_rupert
D:14:     david_vaults_3, serial_shops, shop, serial_ice, serial_ice_j,
          serial_ice_o, serial_ice_c, serial_ice_n, portal_ice_cave_entry_imps,
          elyvilon_altar_1, kennysheep_kite_vault, uniq_frances
D:15:     hangedman_depths_entry_try_elsewhere_first, nicolae_wwwww
Temple:   roderic_octagonal_lattice_temple
Lair:1:   uniq_harold, uniq_nergalle
Lair:2:   lab_entry_generic
Lair:3:   nicolae_spider_entry_orb_guardian, lemuel_fruit_tree,
          grunt_megastairs_4
Lair:4:   elwin_shoals_entry_rooms, basic_altar, uniq_snorg
Lair:5:   wad_woods_river_01, grunt_megastairs_5
Lair:6:   hangedman_lair_in_review, minmay_slime_entry_pillars,
          infiniplex_staircase_pool, serial_bayou_shore_a, uniq_josephine
Shoals:1: yaktaur_hedge
Shoals:2: serial_shops, nicolae_shop_crystal, shop, shop, shop_fountains,
          shop_statue
Shoals:3: st_shoals_ruin
Shoals:4: shoals_end_grunt_ice, shoals_ilsuiw_alternative, uniq_bai_suzhen
Spider:1: uniq_louise
Spider:2: uniq_roxanne
Spider:3: nicolae_spider_webs_and_nodes, uniq_asterion, uniq_arachne
Spider:4: grunt_spider_rune_circles, uniq_aizul, uniq_jorgrun
Orc:1:    cheibrodos_orc_arena, serial_shops, nicolae_shop_trees
Orc:2:    st_orc_pillars, basic_altar, nicolae_orc_rich_vein
Elf:1:    eino_elf_arrival_the_gate, minmay_elf_annihilation
Elf:2:    serial_shops, shop, shop
Elf:3:    elf_hall_gauntlet_wide, serial_shops, shop
Vaults:1: nicolae_vaults_yaktaur_gun_rack, v_misc_18, nicolae_vaults_rhombus_6,
          nicolae_vaults_circle_grid_a, vaults_mumra_hex, grunt_vaults_swirl,
          v_alt_pattern_6, v_alt_pattern_1, vaults_room_glass_cross
Lab:      nicolae_lab_dead_adventurers, lab_block, nicolae_lab_starburst,
          labyrinth_skeletal_remains, nicolae_lab_t_cross, nicolae_lab_hexagon,
          nicolae_lab_statue
IceCv:    ice_cave_small_dragons

Table legend:
 A = Turns spent in this place as a percentage of turns spent in the entire game.
 B = Non-inter-level travel turns spent in this place as a percentage of non-inter-level travel turns spent in the entire game.
 C = Inter-level travel turns spent in this place as a percentage of turns spent in this place.
 D = Turns resting spent in this place as a percentage of non-inter-level travel turns spent in this place.
 E = Turns spent auto-exploring this place as a percentage of non-inter-level travel turns spent in this place.
 F = Non-inter-level travel turns spent in this place divided by the number of levels of this place that you've seen.
                   A       B       C       D       E      F
               +-------+-------+-------+-------+-------+----------------------
         Total | 100.0 | 100.0 |   7.3 |  33.5 |  38.9 | 1375.3
       Dungeon |  39.1 |  39.0 |   7.5 |  32.6 |  46.0 | 1393.9
        Temple |   0.8 |   0.7 |   8.7 |  44.6 |  52.4 | 397.0
          Lair |  20.8 |  20.4 |   9.1 |  30.4 |  48.1 | 1821.0
        Shoals |   6.9 |   7.1 |   3.7 |  24.9 |  30.7 | 954.5
   Spider Nest |  14.4 |  14.5 |   6.4 |  41.5 |  24.9 | 1951.0
    Slime Pits |   0.0 |   0.0 |   0.0 |   0.0 |   0.0 |   2.0
  Orcish Mines |   8.0 |   7.5 |  12.5 |  51.3 |  20.9 | 2018.5
   Elven Halls |   7.1 |   7.5 |   3.0 |  12.7 |  38.2 | 1336.3
        Vaults |   0.5 |   0.5 |   0.3 |  61.0 |  24.4 | 287.0
     Labyrinth |   0.2 |   0.2 |   0.0 |   0.0 |   0.0 | 107.0
      Ice Cave |   2.3 |   2.5 |   0.0 |  51.4 |  17.7 | 1341.0
               +-------+-------+-------+-------+-------+----------------------

Table legend:
 A = Kills in this place as a percentage of kills in entire the game.
 B = Kills by you in this place as a percentage of kills by you in the entire game.
 C = Kills by friends in this place as a percentage of kills by friends in the entire game.
 D = Other kills in this place as a percentage of other kills in the entire game.
 E = Experience gained in this place as a percentage of experience gained in the entire game.
 F = Experience gained in this place divided by the number of levels of this place that you have seen.
                   A       B       C       D       E      F
               +-------+-------+-------+-------+-------+----------------------
         Total | 100.0 | 100.0 | 100.0 | 100.0 | 100.0 | 11044.9
       Dungeon |  38.2 |  38.1 |  83.3 |  16.1 |  15.6 | 4481.5
          Lair |  16.6 |  17.1 |   0.0 |   6.5 |  13.5 | 9700.2
        Shoals |  10.2 |  10.4 |   0.0 |   6.5 |  19.8 | 21320.2
   Spider Nest |  13.3 |  13.1 |  16.7 |  19.4 |  19.8 | 21300.8
  Orcish Mines |   9.3 |   8.8 |   0.0 |  35.5 |   4.2 | 8943.5
   Elven Halls |  10.6 |  10.7 |   0.0 |  12.9 |  25.5 | 36644.3
        Vaults |   0.1 |   0.1 |   0.0 |   3.2 |   0.2 | 942.0
     Labyrinth |   0.1 |   0.1 |   0.0 |   0.0 |   0.3 | 1105.0
      Ice Cave |   1.5 |   1.5 |   0.0 |   0.0 |   1.2 | 4978.0
               +-------+-------+-------+-------+-------+----------------------
